 Dungeon Crawl Stone Soup version 0.29-a0-383-g8b6f518c11 (webtiles) character file.

Game seed: 9195126929095174747

454 Kenran the Scratcher (level 6, 29/29 HPs)
             Began as a Felid Monk on May 6, 2022.
             Was a Follower of Ru.
             Quit the game on level 6 of the Dungeon.
             The game lasted 00:11:44 (5639 turns).

Kenran the Scratcher (Felid Monk)                   Turns: 5639, Time: 00:11:44

Health: 29/29      AC:  2    Str:  7    XL:     6   Next: 76%
Magic:  7/7        EV: 21    Int: 12    God:    Ru [*.....]
Gold:   408        SH:  0    Dex: 20    Spells: 5/5 levels left
                                        Lives:  0   Deaths: 2

rFire   . . .      SeeInvis +     - Unarmed
rCold   . . .      Faith    .   (shield unavailable)
rNeg    . . .      Spirit   .   (body armour unavailable)
rPois   .          Reflect  .   (helmet unavailable)
rElec   .          Harm     .   (cloak unavailable)
rCorr   .          Rampage  .   (gloves unavailable)
Will    .....                   (boots unavailable)
Stlth   +++.......              f - amulet of regeneration
HPRegen 0.89/turn               (no ring)
MPRegen 0.10/turn               (no ring)

@: quick
A: very small, claws 1, fangs 3, see invisible, speed 1, shaggy fur 2, inability
to drink while threatened, stealthy paws, no weapons or thrown items, no armour,
multi-lived
a: Renounce Religion


You were on level 6 of the Dungeon.
You worshipped Ru.
Ru was aware of your devotion.
You visited 2 branches of the dungeon, and saw 7 of its levels.

You collected 408 gold pieces.

Inventory:

Jewellery
 f - an amulet of regeneration (around neck)
Wands
 a - a wand of digging (5)
 m - a wand of flame (15)
Scrolls
 c - a scroll of amnesia {unknown}
 h - a scroll of immolation {unknown}
 i - a scroll of vulnerability {unknown}
 j - a scroll of blinking {unknown}
 k - 2 scrolls of teleportation
 l - a scroll of fear {unknown}
 o - a scroll of silence {unknown}
 s - a scroll of magic mapping {unknown}
 t - a scroll of enchant armour {unknown}
Potions
 b - a potion of attraction {unknown}
 d - a potion of cancellation
 e - 2 potions of might
 g - a potion of resistance {unknown}
 p - a potion of berserk rage {unknown}
 q - a potion of mutation {unknown}
 r - 2 potions of magic {unknown}
 u - a potion of lignification {unknown}
 v - a potion of curing {@q1}


   Skills:
 + Level 4.6 Fighting
 + Level 6.0 Dodging
 - Level 5.0 Stealth
 * Level 7.3 Unarmed Combat
 - Level 2.0 Evocations


You had 5 spell levels left.
You didn't know any spells.
Your spell library contained the following spells:

 Spells                   Type           Power      Damage    Failure   Level
 Shock                    Conj/Air       0%         1d3       32%         1
 Static Discharge         Conj/Air       0%         N/A       45%         2
 Ignite Poison            Fire/Tmut/Pois 0%         N/A       69%         3
 Mephitic Cloud           Conj/Pois/Air  0%         N/A       69%         3
 Swiftness                Air            0%         N/A       69%         3
 Airstrike                Air            0%         N/A       97%         4
 Passage of Golubria      Tloc           0%         N/A       97%         4
 Freezing Cloud           Conj/Ice/Air   0%         6-21      100%        5
 Lightning Bolt           Conj/Air       0%         1d11      100%        5
 Silence                  Hex/Air        0%         N/A       100%        5
 Lehudib's Crystal Spear  Conj/Erth      0%         10d2      100%        8
 Maxwell's Capacitive Co  Air            0%         ∞         100%        8


Dungeon Overview and Level Annotations

Branches:
Dungeon (6/15)             Temple (1/1) D:4

Altars:
Ashenzari
Cheibriados
Dithmenos
Elyvilon
Fedhas
Gozag
Hepliaklqana
Kikubaaqudgha
Makhleb
Nemelex Xobeh
Okawaru
Qazlal
Ru
Sif Muna
Trog
Uskayaw
Vehumet
Wu Jian
Xom
Yredelemnul
Zin
The Shining One
Beogh

Shops:
D:4 [

Annotations:
D:3 1 runed translucent door, haldagan's ghost, novice TeMo
D:4 3 runed translucent doors, exclusion: ogre, HotDog666's ghost, amateur HOFi
D:6 1 runed translucent door, Crazy Yiuf; Eustachio


Innate Abilities, Weirdness & Mutations

You have sharp claws.
You have razor-sharp teeth.
You have supernaturally acute eyesight. (SInv)
You cover ground quickly. (Speed+)
You are covered in thick fur. (AC +2)
You sometimes lose the ability to drink potions when taking damage.
Your paws help you pounce on unaware monsters.
You are incapable of wielding weapons or throwing items.
You cannot wear armour.
You gain extra lives every three experience levels.


Message History

You pounce on the unaware helpless adder!
You eviscerate the adder!!!
You kill the adder!
Your Dodging skill increases to level 6!
No target in view!
You now have 393 gold pieces (gained 13).
You now have 399 gold pieces (gained 6).
Found a stone staircase leading down.
w - a scroll of identify {@r1}
As you read the scroll of identify {@r1}, it crumbles to dust.
n - 2 scrolls of enchant weapon You drop 2 scrolls of enchant weapon.
There is a stone staircase leading down here.
You now have 408 gold pieces (gained 9).
Found a ring mail.
A howler monkey comes into view.
Found a scroll labelled KESEYH FIRCH.
A two-headed ogre comes into view.
It is wielding a +0 giant club and a +0 giant spiked club.
The two-headed ogre shouts in stereo!
Unknown command.
Unknown command.
Unknown command.
Unknown command.
The howler monkey howls!
Aiming: Throw Flame
Press: ? - help, Shift-Dir - straight line, f - two-headed ogre
Aim: a two-headed ogre, wielding a +0 giant club and a +0 giant spiked club (86% to hit)
The puff of flame hits the two-headed ogre.
The two-headed ogre is lightly wounded.
The howler monkey hoots and howls with incredible vigour!
You hear a bark!
You hear a shout! x3
You barely miss the two-headed ogre.
The two-headed ogre is lightly wounded.
The two-headed ogre hits you with a +0 giant club!!
Ouch! That really hurt!
You die...
The two-headed ogre hits you with a +0 giant spiked club!
You are now level 6!
You rejoin the land of the living...
Are you sure you want to abandon this character and quit the game? (Confirm with "yes".)

##..## ##.......#
#....####.........#
##...##.#########.#
##.###.###.# #.#
#.......#.## #.# #
#. ####.......# #.#
#. #. #.......#
#.#.# #.##.
#.......# #.#.#
#....
#######......@#
#.#@# #...
#.......#....##
#.#.# #...
#.......#....#
#.#.# #...
#............#
#.#[# #..<
#.......#....###
#.#.# #####
##+#.....#.....#
#.#.#####....
#.........###)#
#.........###
#.........# #.#
#............
#.........# #.#
#.........###


There were no monsters in sight!

Vanquished Creatures
  Menkaure (D:5)
  A water moccasin (D:5)
  An ogre (D:6)
  A phantom (D:6)
  A bullfrog (D:6)
  3 scorpions
  5 iguanas (D:4)
  4 gnolls (D:3)
  11 adders
  An ufetubus (D:6)
  A worm (D:2)
  A dart slug (D:3)
  3 orcs
  11 ball pythons
  9 endoplasms
  4 giant cockroaches
  8 goblins
  6 hobgoblins
  3 jackals (D:1)
  3 kobolds
  4 quokkas
  5 bats
  2 frilled lizards
  3 rats
92 creatures vanquished.

Vanquished Creatures (others)
  2 withered plants (D:3)
2 creatures vanquished.

Grand Total: 94 creatures vanquished

Notes
Turn   | Place    | Note
-------+----------+-------------------------------------------
     0 | D:1      | Kenran the Felid Monk began the quest for the Orb.
     0 | D:1      | Reached XP level 1. HP: 10/10 MP: 2/2
   504 | D:1      | Reached XP level 2. HP: 13/14 MP: 3/3
  1521 | D:1      | Reached XP level 3. HP: 17/17 MP: 4/4
  1778 | D:2      | Found a faded altar of an unknown god.
  1908 | D:2      | Reached skill level 4 in Unarmed Combat
  2390 | D:2      | Reached XP level 4. HP: 21/21 MP: 5/5
  2521 | D:3      | Found a runed translucent door.
  2522 | D:3      | Noticed haldagan's ghost (novice TeMo)
  2527 | D:3      | Noticed a +0 spear
  2527 | D:3      | Noticed a +0 short sword
  2527 | D:3      | Noticed a +0 dagger
  2528 | D:3      | Noticed a +0 spear
  2529 | D:3      | Noticed a +0 falchion
  2530 | D:3      | Noticed a +0 dagger
  2530 | D:3      | Noticed a +0 falchion
  2531 | D:3      | Noticed a +0 short sword
  2532 | D:3      | Found a hide-covered altar of Uskayaw.
  2783 | D:3      | Noticed a scorpion
  2791 | D:3      | Killed a scorpion
  2792 | D:3      | Reached XP level 5. HP: 16/24 MP: 6/6
  2811 | D:3      | Reached skill level 5 in Unarmed Combat
  2837 | D:3      | Slain by a gnoll
  2838 | D:3      | Reached XP level 4. HP: 0/21 MP: 5/5
  3498 | D:4      | Reached XP level 5. HP: 24/24 MP: 6/6
  3514 | D:4      | Found a runed translucent gate.
  3514 | D:4      | Found Odoc's Armour Shop.
  3523 | D:4      | Found a runed translucent gate.
  3523 | D:4      | Found a runed translucent gate.
  3526 | D:4      | Noticed HotDog666's ghost (amateur HOFi)
  3563 | D:4      | Found a broken altar of Ashenzari.
  3570 | D:4      | Noticed an ogre
  3958 | D:4      | Reached skill level 5 in Dodging
  3958 | D:4      | Reached skill level 5 in Stealth
  3958 | D:4      | Gained mutation: You are covered in thick fur. (AC +2)
                  | [Felid growth]
  3958 | D:4      | Reached XP level 6. HP: 20/28 MP: 7/7
  4075 | D:4      | Found a staircase to the Ecumenical Temple.
  4086 | Temple   | Entered the Ecumenical Temple
  4243 | Temple   | Became a worshipper of Ru the Awakened
  4246 | Temple   | Gained mutation: You sometimes lose the ability to drink
                  | potions when taking damage. [Ru sacrifice]
  4246 | Temple   | Reached * piety under Ru
  4494 | D:5      | Entered Level 5 of the Dungeon
  4523 | D:4      | Reached skill level 6 in Unarmed Combat
  4560 | D:5      | Noticed a water moccasin
  4810 | D:5      | Killed a water moccasin
  4811 | D:5      | Reached XP level 7. HP: 32/32 MP: 8/8
  4819 | D:5      | Noticed Menkaure
  5128 | D:5      | Killed Menkaure
  5129 | D:5      | Reached skill level 1 in Evocations
  5293 | D:6      | Reached skill level 7 in Unarmed Combat
  5332 | D:6      | Found a runed translucent door.
  5333 | D:6      | Noticed Crazy Yiuf
  5521 | D:6      | Noticed Eustachio
  5621 | D:6      | Noticed a two-headed ogre
  5638 | D:6      | Slain by a two-headed ogre
  5639 | D:6      | Reached XP level 6. HP: -2/29 MP: 7/7
  5639 | D:6      | Quit the game

Illustrated notes

Levels and vault maps discovered:
D:1:      minmay_arrival_plants_in_alcoves, layout_basic
D:2:      layout_loops_ring, hellmonk_ecumenical_altar_run_dry,
          solitary_fountain
D:3:      minmay_evil_eye, layout_loops_corners, nicolae_uskayaw_en_pointe,
          gammafunk_ghost_grave
D:4:      layout_basic, mainiacjoe_overflow_six_doors_small,
          minmay_temple_entry_grid, biasface_ghost_orc_armoury, serial_shops,
          shop
D:5:      layout_cave_pools, serial_rivers, chequers_serial_rivers_room_b,
          chequers_serial_rivers_marsh, chequers_serial_rivers_small_a,
          chequers_serial_rivers_marsh, uniq_menkaure
D:6:      layout_basic, serial_shops, nicolae_shop_advertising_works
          [nicolae_subvault_shop_adworks], minmay_fractal_squares_diagonal_5,
          uniq_crazy_yiuf_cottage, uniq_eustachio
Temple:   regret_index_temple_chain_breaker

Skill      XL: |  1  2  3  4  5  6  7 |
---------------+----------------------+-----
Stealth        | 3 4 5 |  5.0
Unarmed Combat | 4 5 6 7 |  7.3
Dodging        | 5 6 |  6.0
Fighting       | 4 |  4.6
Evocations     | 2 |  2.0

Action                   |  1- 3 |  4- 6 |  7- 9 || total
-------------------------+-------+-------+-------++-------
Melee: Unarmed           |   125 |   155 |    41 ||   321
       Bite              |    11 |    18 |     3 ||    32
       Punch             |     4 |     2 |       ||     6
Invok: Sacrifice Drink   |       |     1 |       ||     1
Evoke: Wand              |       |       |     1 ||     1
  Use: Potion            |     2 |       |     1 ||     3
       Scroll            |       |     2 |     2 ||     4
 Stab: Sleeping          |     8 |     9 |     2 ||    19
       Distracted        |     1 |       |       ||     1
Armor: Skin              |     6 |     4 |     3 ||    13
Dodge: Dodged            |    84 |   123 |    28 ||   235

Table legend: (Time is in decaauts)
 A = Elapsed time spent in this place.
 B = Non-inter-level travel time spent in this place.
 C = Inter-level travel time spent in this place.
 D = Time resting spent in this place.
 E = Time spent auto-exploring this place.
 F = Levels seen in this place.
 G = Mean time per level.
                   A        B        C        D        E       F      G
               +--------+--------+--------+--------+--------+-----+--------+
         Total |   4786 |   4610 |    176 |    819 |   2773 |   7 |  683.7 |
       Dungeon |   4651 |   4499 |    152 |    819 |   2679 |   6 |  775.2 |
        Temple |    134 |    110 |     24 |      0 |     93 |   1 |  134.0 |
               +--------+--------+--------+--------+--------+-----+--------+

Top non-repeatable levels by time:
     D:1: 1614 daAuts
     D:4: 863 daAuts
     D:3: 810 daAuts
     D:2: 575 daAuts
     D:5: 483 daAuts
     D:6: 304 daAuts
  Temple: 134 daAuts
